 Dungeon Crawl Stone Soup version 0.31.0 (webtiles) character file.

Game seed: 14472839648666766493

70941 qw the Marksgargoyle (level 15, -3/100 HPs)
             Began as a Gargoyle Hunter on Jan 19, 2024.
             Was a High Priest of Okawaru.
             Killed from afar by Azrael (21 damage)
             ... with a fireball
             ... on level 15 of the Dungeon.
             The game lasted 00:02:10 (17912 turns).

qw the Marksgargoyle (Gargoyle Hunter)             Turns: 17912, Time: 00:02:10

Health: -3/100     AC: 30    Str: 23    XL:     15   Next: 35%
Magic:  22/22      EV: 20    Int:  9    God:    Okawaru [*****.]
Gold:   174        SH:  0    Dex: 27    Spells: 14/14 levels left

rFire   . . .        b - +7 arbalest (freeze)
rCold   + . .        (shield currently unavailable)
rNeg    + . .        s - +3 acid dragon scales
rPois   inf          B - +0 helmet
rElec   +            v - +1 cloak "Nianepnirph" {+Inv Dex+5}
rCorr   +            u - +0 pair of gloves
SInv    .            w - +1 pair of boots {Stlth+}
Will    +....        o - amulet of the Will of the Gods {rPois Regen+ Dex+3}
Stlth   +++          a - +6 ring of strength
HPRegen 1.16/turn    m - ring of protection from cold
MPRegen 0.18/turn

%: no passive effects
@: about to teleport, flying
A: sickness immunity, AC +11, big wings, negative energy resistance 1,
electricity resistance, torment resistance 1, petrification resistance
a: Renounce Religion, Evoke Invisibility, Heroism, Finesse, Duel


You were on level 15 of the Dungeon.
You worshipped Okawaru.
Okawaru was extremely pleased with you.
You visited 3 branches of the dungeon, and saw 21 of its levels.
You also visited: Sewer and Ossuary.

You collected 1585 gold pieces.
You spent 1411 gold pieces at shops.


Innate Abilities, Weirdness & Mutations

You are immune to sickness and miasma.
Your stone body is resilient. (AC +11)
You are immune to poison.
Your large and strong wings let you fly.
You resist negative energy. (rN+)
You are resistant to electric shocks. (rElec)
You are resistant to unholy torment.
You are immune to petrification.


   Skills:
 + Level 13.9 Fighting
 - Level 18.0 Ranged Weapons
 - Level 9.0 Armour
 - Level 9.0 Dodging
 - Level 1.1 Stealth
 - Level 10.0 Invocations


You had 14 spell levels left.
You didn't know any spells.
Your spell library was empty.

Inventory:

Hand Weapons
 b - a +7 arbalest of freezing (weapon)
Armour
 f - the +1 robe "Quopes" {Harm rF+++ Str-4 Int+3}
   (You found it on level 3 of the Lair of Beasts)

   Str-4:     It affects your strength (-4).
   Int+3:     It affects your intelligence (+3).
   rF+++:     It renders you almost immune to fire.
   Harm:      It increases damage dealt and taken.
 q - a +0 leather armour of fire resistance
 s - +3 acid dragon scales (worn)
 u - a +0 pair of gloves (worn)
 v - the +1 cloak "Nianepnirph" (worn) {+Inv Dex+5}
   (You bought it in a shop on level 7 of the Dungeon)

   Dex+5:     It affects your dexterity (+5).
   +Inv:      It lets you turn invisible.
 w - a +1 pair of boots of stealth (worn)
 B - a +0 helmet (worn)
Jewellery
 a - a +6 ring of strength (left hand)
 m - a ring of protection from cold (right hand)
 o - the amulet of the Will of the Gods (around neck) {rPois Regen+ Dex+3}
   (You found it on level 3 of the Lair of Beasts)

   [amulet of regeneration]

   Dex+3:     It affects your dexterity (+3).
   rPois:     It protects you from poison Regen+: It increases your rate of
   health regeneration.
 r - a ring of ice
 x - a ring of fire
 z - a ring of resist corrosion
Wands
 e - a wand of acid (16)
 p - a wand of paralysis (3)
 t - a wand of roots (16)
Scrolls
 c - 4 scrolls of identify
 i - 2 scrolls of teleportation
Potions
 d - 4 potions of enlightenment
 g - 2 potions of cancellation
 h - 8 potions of mutation
 j - 3 potions of haste
 l - a potion of resistance
 n - 2 potions of might

Dungeon Overview and Level Annotations

Branches:
Dungeon (15/15)            Temple (1/1) D:7            Lair (5/5) D:10
 Shoals (0/4) Lair:3       Spider (0/4) Lair:3        Slime (0/5) Lair:4
    Orc (0/2) D:11         Vaults (0/5) D:13          Sewer (visited)
Ossuary (visited)
 Depths: D:15

Altars:
Ashenzari
Cheibriados
Dithmenos
Elyvilon
Fedhas
Gozag
Hepliaklqana
Kikubaaqudgha
Makhleb
Nemelex Xobeh
Okawaru
Qazlal
Ru
Sif Muna
Trog
Uskayaw
Vehumet
Wu Jian
Xom
Yredelemnul
Zin
The Shining One

Shops:
D:7 [   D:12 *   D:14 [

Portals:
Hell: Lair:5

Annotations:
D:6 1 runed translucent door, Crazy Yiuf
D:14 Roxanne
D:15 Azrael
Lair:3 1 runed translucent door, Dikli's ghost, journeyman MiBe


Message History

You shoot a bolt. The bolt hits the hell hound!!
The bolt freezes the hell hound.
You kill the hell hound!
Okawaru accepts your kill. The fire elemental barely misses you.
The fire elemental misses you.
You shoot a bolt. The bolt hits the fire elemental!
The bolt freezes the fire elemental.
The fire elemental is heavily damaged.
The fire elemental hits you. The fire elemental burns you!
Azrael gestures at you.
The bolt of fire misses the fire elemental.
The bolt of fire hits you!!
You shoot a bolt.
The bolt closely misses the fire elemental.
The bolt completely misses Azrael.
The fire elemental hits you. The fire elemental burns you!
The fire elemental hits you. The fire elemental burns you!
17911 ||| READING 3 scrolls of teleportation.
As you read the scroll of teleportation, it crumbles to dust.
You feel strangely unstable. The fire elemental misses you.
The fire elemental barely misses you. Azrael gestures at you.
The fireball explodes!
The fireball engulfs the fire elemental.
The fire elemental completely resists.
The fireball engulfs the fire elemental.
The fire elemental completely resists.
The fireball engulfs you but does no damage.
The fireball engulfs Azrael.
Azrael completely resists.
The fire elemental hits you.
The fire elemental completely misses you.
You hear a shout! x2; You hear an angry hiss.
You shoot a bolt. The bolt hits the fire elemental!!!
The bolt freezes the fire elemental!
You destroy the fire elemental!
Okawaru accepts your kill. The fire elemental hits you.
The fire elemental burns you! Azrael gestures at you.
The fireball explodes!
The fireball engulfs you!!
You die...

#...# #.....:..#
#...# #........#
#...#####........#
#..............###
#..............#..
#..............#..
#...<..........#..
#............. ###
#@...#######
.!.....%E.## ....#
.......R.## #...#
.......0.# #...#
........0# #...#
####.....+ #...#
##....# #...#
#....# #...#
##...#


You could see Azrael and a fire elemental.

Vanquished Creatures
  Kirke (D:14)
  Josephine (D:12)
  An entropy weaver (shapeshifter) (D:11)
  3 hydras
  A vault guard (D:13)
  A two-headed ogre (D:9)
  Erolcha (D:9)
  An ironbound frostheart (D:13)
  3 boulder beetles
  5 death yaks (Lair:5)
  5 tengu warriors
  Urug (D:11)
  An occultist (Lair:5)
  Sonja (Lair:1)
  9 skeletal warriors
  Nergalle (Lair:3)
  A sun demon (Lair:5)
  3 skysharks
  2 arcanists
  A deep elf pyromancer (D:12)
  4 oklob plants
  8 ugly things
  5 cyclopes
  2 manticores
  3 meliai (D:13)
  6 elephants
  A merfolk siren (Lair:3)
  2 orange demons (Lair:5)
  2 black mambas (Lair:5)
  A smoke demon (Lair:5)
  A torpor snail (Lair:4)
  3 gargoyles
  9 rime drakes
  Maggie (D:6)
  12 komodo dragons
  7 cane toads
  4 kobold demonologists
  An efreet (D:14)
  2 ice devils (Lair:5)
  A red devil (Lair:5)
  Psyche (D:9)
  2 tengu conjurers (D:14)
  3 trolls
  5 polar bears
  8 blink frogs
  4 wraiths
  Sigmund (D:6)
  7 slime creatures
  A shadow (D:13)
  3 centaur simulacra
  2 wyverns
  A vampire (D:13)
  A human (D:13)
  40 yaks
  A golden eye (Lair:3)
  5 hogs (D:14)
  3 fire elementals (D:15)
  5 basilisks
  Eustachio (D:5)
  A steam dragon (Lair:2)
  Menkaure (D:6)
  Edmund (D:5)
  12 water moccasins
  7 hell hounds
  2 acid dragons
  2 orc warriors
  Pargi (Sewer)
  A sky beast (D:7)
  4 black bears
  3 ice beasts
  2 laughing skulls (D:15)
  14 wolves
  2 ogres
  3 centaurs
  A phantom (D:6)
  4 kobold brigands
  Blork the orc (D:6)
  A brain worm (Sewer)
  9 bullfrogs
  2 gnoll sergeants
  A scorpion (D:5)
  4 wights (D:10)
  8 killer bees
  4 electric eels
  8 howler monkeys
  5 hounds
  3 jellies
  A gnoll bouda (D:8)
  4 orc priests
  Jessica (D:3)
  13 orc wizards
  4 iguanas
  3 sleepcaps
  8 mummies (Ossuary)
  17 gnolls
  A howler monkey skeleton (D:3)
  4 adders
  A shadow imp (D:5)
  4 white imps
  An ufetubus (D:13)
  A ribbon worm (D:2)
  2 dart slugs
  36 orcs
  3 ball pythons
  7 endoplasms
  5 giant cockroaches
  5 goblins
  3 hobgoblins
  9 jackals
  19 kobolds
  5 quokkas
  2 ball python skeletons (D:3)
  14 bats
  3 frilled lizards
  2 hobgoblin zombies (Ossuary)
  4 kobold zombies (Ossuary)
  2 orc zombies (Ossuary)
  2 quokka skeletons (D:3)
  4 rats
509 creatures vanquished.

Notes
Turn   | Place    | Note
-------+----------+-------------------------------------------
     0 | D:1      | qw the Gargoyle Hunter began the quest for the Orb.
     0 | D:1      | Reached XP level 1. HP: 12/12 MP: 1/1
     0 | D:1      | 0 ||| qw: Version: 0.3-a-132-g3d54051
     0 | D:1      | 0 ||| qw: Game counter: 275
     0 | D:1      | 0 ||| qw: Melee chars always use a shield: true
     0 | D:1      | 0 ||| qw: God list: Okawaru
     0 | D:1      | 0 ||| qw: Allow faded altars: false
     0 | D:1      | 0 ||| qw: Do Orc after clearing Dungeon:15 true
     0 | D:1      | 0 ||| qw: Do second Lair branch before Depths: true
     0 | D:1      | 0 ||| qw: Lair rune preference: random
     0 | D:1      | 0 ||| qw: Goals: Normal
     0 | D:1      | 0 ||| PLANNING D:1-11
   132 | D:1      | Reached XP level 2. HP: 17/17 MP: 2/2
   301 | D:1      | 301 ||| RETREEEEATING.
   470 | D:1      | Reached XP level 3. HP: 21/21 MP: 3/3
   546 | D:1      | Reached skill level 5 in Ranged Weapons
   742 | D:1      | 742 ||| READING scroll labelled OTSOYFUMEPT.
   843 | D:1      | 843 ||| DROPPING scroll of butterflies.
  1186 | D:2      | Found a faded altar of an unknown god.
  1287 | D:2      | Reached skill level 3 in Fighting
  1474 | D:2      | 1474 ||| READING scroll labelled DOR JOUSTEGUE.
  1475 | D:2      | 1475 ||| READING scroll labelled ABAYSO MARIAFU.
  1476 | D:2      | 1476 ||| READING scroll labelled FABIMNA MIOBB.
  1476 | D:2      | Identified a scroll of acquirement
  1476 | D:2      | 1476 ||| ACQUIRING +2 arbalest of freezing
  1476 | D:2      | Acquired a +2 arbalest of freezing
  1478 | D:2      | 1478 ||| SWAPPING to +2 arbalest of freezing.
  1479 | D:2      | 1479 ||| DROPPING +0 shortbow.
  1480 | D:2      | 1480 ||| READING scroll labelled MUUMIB QYSIHAS.
  1480 | D:2      | 1480 ||| IDENTIFYING green potion
  1558 | D:3      | Reached XP level 4. HP: 21/28 MP: 4/4
  1559 | D:3      | 1559 ||| FLEEEEING.
  1632 | D:3      | Found a basalt altar of Yredelemnul.
  1846 | D:3      | Noticed Jessica
  1849 | D:3      | Killed Jessica
  1951 | D:3      | Reached skill level 6 in Ranged Weapons
  1951 | D:3      | Reached XP level 5. HP: 18/32 MP: 5/5
  1951 | D:3      | 1951 ||| FLEEEEING.
  1952 | D:3      | 1952 ||| FLEEEEING.
  1953 | D:3      | 1953 ||| FLEEEEING.
  1954 | D:3      | 1954 ||| FLEEEEING.
  1955 | D:3      | 1955 ||| FLEEEEING.
  1956 | D:3      | 1956 ||| FLEEEEING.
  1957 | D:3      | 1957 ||| FLEEEEING.
  1958 | D:3      | 1958 ||| FLEEEEING.
  1959 | D:3      | 1959 ||| FLEEEEING.
  1960 | D:3      | 1960 ||| FLEEEEING.
  1961 | D:3      | 1961 ||| FLEEEEING.
  1962 | D:3      | 1962 ||| FLEEEEING.
  1963 | D:3      | 1963 ||| FLEEEEING.
  1964 | D:3      | 1964 ||| FLEEEEING.
  1965 | D:3      | 1965 ||| FLEEEEING.
  2417 | D:3      | 2417 ||| UPGRADING to +0 ring mail.
  2427 | D:3      | 2427 ||| DROPPING +0 leather armour.
  2428 | D:3      | 2428 ||| DROPPING ring of wizardry.
  2429 | D:3      | 2429 ||| READING 2 scrolls of identify.
  2429 | D:3      | 2429 ||| IDENTIFYING inky potion
  2430 | D:3      | 2430 ||| READING scroll of identify.
  2430 | D:3      | 2430 ||| IDENTIFYING emerald potion
  2431 | D:3      | 2431 ||| READING scroll labelled JAICOL ILLOTO.
  2432 | D:3      | 2432 ||| FLEEEEING.
  2434 | D:3      | 2434 ||| READING scroll labelled EKLU KEFFAPEPHANG.
  2435 | D:3      | 2435 ||| READING scroll labelled HOODEO FISMIRO.
  2435 | D:3      | 2435 ||| ENCHANTING +2 arbalest of freezing.
  2436 | D:3      | 2436 ||| READING scroll labelled AHUIT SEANAT.
  2436 | D:3      | 2436 ||| ENCHANTING +3 arbalest of freezing.
  2443 | D:4      | Noticed a black bear
  2444 | D:4      | 2444 ||| PLANNING OSSUARY
  2446 | D:4      | Killed a black bear
  2447 | D:4      | Reached skill level 3 in Armour
  2447 | D:4      | Reached XP level 6. HP: 37/37 MP: 6/6
  2760 | D:4      | You fall into a shaft and drop 2 floors!
  2801 | D:6      | Noticed Menkaure
  2805 | D:6      | Killed Menkaure
  2806 | D:6      | Reached skill level 7 in Ranged Weapons
  2806 | D:6      | Reached XP level 7. HP: 35/43 MP: 7/7
  2858 | D:6      | Noticed Blork the orc
  2865 | D:6      | Killed Blork the orc
  2950 | D:6      | 2950 ||| FLEEEEING.
  2956 | D:6      | 2956 ||| STAIRDANCE
  2957 | D:5      | Entered Level 5 of the Dungeon
  2968 | D:5      | Noticed Edmund
  2975 | D:5      | 2975 ||| READING scroll of enchant weapon.
  2975 | D:5      | 2975 ||| ENCHANTING +3 arbalest of freezing.
  2979 | D:5      | Killed Edmund
  2987 | D:5      | 2987 ||| UPGRADING to +6 ring of strength.
  2988 | D:5      | 2988 ||| FLEEEEING.
  2995 | D:5      | 2995 ||| STAIRDANCE
  3071 | D:4      | Found a sand-covered staircase.
  3076 | D:4      | 3076 ||| READING scroll labelled NUANKE ERATYNA.
  3093 | Ossuary  | Entered an ossuary
  3117 | Ossuary  | Reached skill level 8 in Ranged Weapons
  3286 | Ossuary  | 3286 ||| DRINKING 2 golden potions.
  3306 | D:4      | 3306 ||| PLANNING SEWER
  3373 | D:5      | Reached XP level 8. HP: 49/49 MP: 8/8
  3406 | D:5      | Noticed Eustachio
  3429 | D:5      | Killed Eustachio
  3517 | D:5      | Found a glowing drain.
  3521 | Sewer    | Entered a sewer
  3552 | Sewer    | Noticed Pargi
  3556 | Sewer    | Killed Pargi
  3557 | Sewer    | Reached skill level 9 in Ranged Weapons
  3597 | D:5      | 3597 ||| PLANNING D:1-11
  3597 | D:5      | 3597 ||| FLEEEEING.
  3605 | D:5      | 3605 ||| STAIRDANCE
  3755 | D:5      | Found a hide-covered altar of Uskayaw.
  3873 | D:5      | Found a broken altar of Ashenzari.
  3923 | D:5      | Reached skill level 6 in Fighting
  4238 | D:5      | 4238 ||| READING scroll labelled KIFFEILOMI.
  4239 | D:5      | 4239 ||| READING scroll labelled DER ILUIJAHIGH.
  4302 | D:6      | Found a hazy altar of Hepliaklqana.
  4416 | D:6      | Noticed Sigmund
  4420 | D:6      | 4420 ||| FLEEEEING.
  4431 | D:6      | 4431 ||| FLEEEEING.
  4442 | D:6      | 4442 ||| FLEEEEING.
  4452 | D:6      | Killed Sigmund
  4453 | D:6      | Reached XP level 9. HP: 23/55 MP: 9/9
  4585 | D:6      | Reached skill level 10 in Ranged Weapons
  4687 | D:6      | Reached skill level 3 in Dodging
  4845 | D:6      | Found a runed translucent door.
  4846 | D:6      | Noticed Crazy Yiuf
  5081 | D:6      | Noticed Maggie
  5086 | D:6      | Killed Maggie
  5087 | D:6      | 5087 ||| FLEEEEING.
  5356 | D:6      | 5356 ||| FLEEEEING.
  5568 | D:6      | 5568 ||| UPGRADING to +0 leather armour of fire resistance.
  5578 | D:6      | 5578 ||| DROPPING +0 ring mail.
  5579 | D:6      | 5579 ||| UPGRADING to +0 acid dragon scales.
  5589 | D:6      | 5589 ||| READING scroll of enchant armour.
  5589 | D:6      | 5589 ||| ENCHANTING +0 acid dragon scales.
  5640 | D:7      | 5640 ||| STAIRDANCE
  5642 | D:6      | 5642 ||| FLEEEEING.
  5646 | D:6      | 5646 ||| STAIRDANCE
  5846 | D:7      | 5846 ||| READING scroll of enchant weapon.
  5846 | D:7      | 5846 ||| ENCHANTING +4 arbalest of freezing.
  5929 | D:7      | Found a stormy altar of Qazlal.
  5965 | D:7      | Found a staircase to the Ecumenical Temple.
  5966 | D:7      | 5966 ||| PLANNING TEMPLE
  5966 | D:7      | 5966 ||| UPGRADING to +0 pair of gloves.
  5971 | D:7      | 5971 ||| READING scroll of identify.
  5971 | D:7      | 5971 ||| IDENTIFYING blue potion
  5972 | D:7      | 5972 ||| DRINKING 2 bubbling orange potions.
  5982 | Temple   | Entered the Ecumenical Temple
  5983 | Temple   | 5983 ||| PLANNING OKAWARU WORSHIP
  5983 | Temple   | 5983 ||| UPGRADING to ring of protection from cold.
  5990 | Temple   | Became a worshipper of Warmaster Okawaru
  5991 | Temple   | 5991 ||| PLANNING D:1-11
  6012 | D:7      | 6012 ||| DRINKING 6 potions of curing.
  6012 | D:7      | 6012 ||| (to cure confusion)
  6012 | D:7      | Found Ryxoast's Armour Emporium.
  6013 | D:7      | 6013 ||| DRINKING 5 potions of curing.
  6013 | D:7      | 6013 ||| (to cure confusion)
  6022 | D:7      | 6022 ||| BUYING +1 cloak "Nianepnirph" {+Inv Dex+5} (408
                  | gold).
  6022 | D:7      | Bought the +1 cloak "Nianepnirph" {+Inv Dex+5} for 408 gold
                  | pieces
  6022 | D:7      | 6022 ||| BUYING +1 pair of boots of stealth (198 gold).
  6022 | D:7      | Bought a +1 pair of boots of stealth for 198 gold pieces
  6392 | D:7      | 6392 ||| UPGRADING to +1 cloak "Nianepnirph" {+Inv Dex+5}.
  6397 | D:7      | 6397 ||| UPGRADING to +1 pair of boots of stealth.
  6402 | D:7      | 6402 ||| READING 2 scrolls of identify.
  6402 | D:7      | 6402 ||| IDENTIFYING fizzy clear potion
  6403 | D:7      | 6403 ||| READING scroll of identify.
  6403 | D:7      | 6403 ||| IDENTIFYING amethyst potion
  6404 | D:7      | 6404 ||| DRINKING 2 fuming puce potions.
  6405 | D:7      | 6405 ||| DROPPING potion of lignification.
  6467 | D:8      | Reached skill level 11 in Ranged Weapons
  6532 | D:8      | 6532 ||| FLEEEEING.
  6534 | D:8      | 6534 ||| FLEEEEING.
  6535 | D:8      | 6535 ||| FLEEEEING.
  6536 | D:8      | 6536 ||| FLEEEEING.
  6537 | D:8      | 6537 ||| FLEEEEING.
  6541 | D:8      | 6541 ||| FLEEEEING.
  6542 | D:8      | 6542 ||| FLEEEEING.
  6543 | D:8      | 6543 ||| FLEEEEING.
  6544 | D:8      | 6544 ||| FLEEEEING.
  6545 | D:8      | 6545 ||| FLEEEEING.
  6554 | D:8      | 6554 ||| FLEEEEING.
  6555 | D:8      | 6555 ||| FLEEEEING.
  6557 | D:8      | 6557 ||| STAIRDANCE
  6559 | D:7      | 6559 ||| DRINKING 4 potions of curing.
  6559 | D:7      | 6559 ||| (to cure confusion)
  6631 | D:8      | Noticed an angel
  6632 | D:8      | Found a shimmering altar of Xom.
  6634 | D:8      | Found a glowing silver altar of Zin.
  6673 | D:8      | Reached XP level 10. HP: 63/63 MP: 10/10
  6860 | D:8      | 6860 ||| DROPPING +1 pair of boots.
  6888 | D:9      | 6888 ||| STAIRDANCE
  6892 | D:9      | 6892 ||| STAIRDANCE
  6994 | D:9      | Noticed Psyche
  6995 | D:9      | Killed Psyche
  6995 | D:9      | Reached * piety under Okawaru
  7008 | D:9      | Reached skill level 1 in Invocations
  7023 | D:9      | Noticed a two-headed ogre
  7024 | D:9      | 7024 ||| INVOKING Heroism.
  7029 | D:9      | Killed a two-headed ogre
  7029 | D:9      | Reached ** piety under Okawaru
  7030 | D:9      | Reached skill level 12 in Ranged Weapons
  7030 | D:9      | Reached skill level 3 in Invocations
  7086 | D:9      | 7086 ||| FLEEEEING.
  7281 | D:9      | 7281 ||| FLEEEEING.
  7292 | D:9      | 7292 ||| FLEEEEING.
  7303 | D:9      | 7303 ||| FLEEEEING.
  7308 | D:9      | 7308 ||| DRINKING 4 potions of curing.
  7308 | D:9      | 7308 ||| (to cure confusion)
  7522 | D:9      | Noticed Erolcha
  7523 | D:9      | 7523 ||| INVOKING Heroism.
  7526 | D:9      | Killed Erolcha
  7526 | D:9      | Reached *** piety under Okawaru
  7576 | D:9      | 7576 ||| RETREEEEATING.
  7577 | D:9      | 7577 ||| RETREEEEATING.
  7578 | D:9      | 7578 ||| RETREEEEATING.
  7579 | D:9      | 7579 ||| RETREEEEATING.
  7580 | D:9      | 7580 ||| RETREEEEATING.
  7582 | D:9      | Reached skill level 13 in Ranged Weapons
  7582 | D:9      | 7582 ||| RETREEEEATING.
  7586 | D:9      | 7586 ||| FLEEEEING.
  7592 | D:9      | Reached XP level 11. HP: 63/68 MP: 14/14
  7661 | D:9      | 7661 ||| RETREEEEATING.
  7662 | D:9      | 7662 ||| RETREEEEATING.
  7666 | D:9      | 7666 ||| READING 4 scrolls of teleportation.
  7668 | D:9      | HP: 16/69 [enormous slime creature (44)]
  7669 | D:9      | 7669 ||| DRINKING potion of heal wounds.
  7803 | D:9      | Found a blossoming altar of Fedhas.
  7816 | D:9      | Noticed an oklob plant
  7818 | D:9      | 7818 ||| ZAPPING wand of acid (8) at 5,-3 (oklob plant;
                  | floor).
  7819 | D:9      | 7819 ||| ZAPPING wand of acid (7) at 5,-3 (oklob plant;
                  | floor).
  7820 | D:9      | 7820 ||| ZAPPING wand of acid (6) at 5,-3 (oklob plant;
                  | floor).
  7821 | D:9      | 7821 ||| ZAPPING wand of acid (5) at 5,-3 (oklob plant;
                  | floor).
  7822 | D:9      | 7822 ||| INVOKING Heroism.
  7826 | D:9      | Killed an oklob plant
  7826 | D:9      | Reached **** piety under Okawaru
  7827 | D:9      | Reached skill level 9 in Fighting
  7891 | D:9      | 7891 ||| RETREEEEATING.
  7892 | D:9      | 7892 ||| RETREEEEATING.
  7893 | D:9      | 7893 ||| RETREEEEATING.
  7894 | D:9      | 7894 ||| RETREEEEATING.
  7895 | D:9      | 7895 ||| RETREEEEATING.
  7896 | D:9      | 7896 ||| RETREEEEATING.
  7897 | D:9      | 7897 ||| RETREEEEATING.
  7900 | D:9      | 7900 ||| READING 3 scrolls of teleportation.
  7901 | D:9      | HP: 10/71 [enormous slime creature (55)]
  7904 | D:9      | 7904 ||| FLEEEEING.
  8247 | D:10     | Entered Level 10 of the Dungeon
  8257 | D:10     | 8257 ||| RETREEEEATING.
  8275 | D:10     | Found a staircase to the Lair.
  8452 | D:10     | 8452 ||| READING scroll of enchant armour.
  8452 | D:10     | 8452 ||| ENCHANTING +1 acid dragon scales.
  8728 | D:10     | Found a glowing golden altar of the Shining One.
  8933 | D:10     | 8933 ||| READING scroll of enchant weapon.
  8933 | D:10     | 8933 ||| ENCHANTING +5 arbalest of freezing.
  9227 | D:10     | 9227 ||| PLANNING LAIR
  9227 | D:10     | 9227 ||| DROPPING +3 ring mail.
  9228 | D:10     | 9228 ||| DROPPING +6 ring of intelligence.
  9229 | D:10     | 9229 ||| READING scroll of identify.
  9229 | D:10     | 9229 ||| IDENTIFYING cyan potion
  9230 | D:10     | 9230 ||| DROPPING potion of ambrosia.
  9310 | Lair:1   | Entered Level 1 of the Lair of Beasts
  9316 | Lair:1   | 9316 ||| STAIRDANCE
  9318 | D:10     | 9318 ||| FLEEEEING.
  9438 | Lair:1   | 9438 ||| INVOKING Finesse.
  9450 | Lair:1   | Reached skill level 6 in Invocations
  9605 | Lair:1   | 9605 ||| RETREEEEATING.
  9606 | Lair:1   | 9606 ||| RETREEEEATING.
  9608 | Lair:1   | 9608 ||| RETREEEEATING.
  9611 | Lair:1   | 9611 ||| RETREEEEATING.
  9612 | Lair:1   | 9612 ||| RETREEEEATING.
  9613 | Lair:1   | 9613 ||| RETREEEEATING.
  9614 | Lair:1   | 9614 ||| RETREEEEATING.
  9620 | Lair:1   | 9620 ||| FLEEEEING.
  9659 | Lair:1   | Reached ***** piety under Okawaru
  9715 | Lair:1   | Noticed Sonja
  9716 | Lair:1   | 9716 ||| INVOKING Finesse.
  9719 | Lair:1   | Killed Sonja
 10065 | Lair:1   | 10065 ||| UPGRADING to +0 helmet.
 10070 | Lair:1   | 10070 ||| UPGRADING to amulet of reflection.
 10075 | Lair:1   | 10075 ||| READING 2 scrolls of identify.
 10075 | Lair:1   | 10075 ||| IDENTIFYING fuming amethyst potion
 10076 | Lair:1   | 10076 ||| READING scroll of identify.
 10076 | Lair:1   | 10076 ||| IDENTIFYING ruby potion
 10077 | Lair:1   | 10077 ||| READING scroll labelled DIALEMN NEMPALL.
 10078 | Lair:1   | 10078 ||| DROPPING potion of brilliance.
 10079 | Lair:1   | 10079 ||| DROPPING potion of attraction.
 10277 | Lair:2   | Reached XP level 12. HP: 76/76 MP: 16/18
 10373 | Lair:2   | Reached skill level 6 in Armour
 10395 | Lair:2   | Noticed a six-headed hydra
 10396 | Lair:2   | 10396 ||| INVOKING Finesse.
 10400 | Lair:2   | Killed a six-headed hydra
 10403 | Lair:2   | Reached skill level 14 in Ranged Weapons
 10599 | Lair:2   | Reached skill level 9 in Invocations
 11053 | Lair:3   | 11053 ||| RETREEEEATING.
 11054 | Lair:3   | 11054 ||| RETREEEEATING.
 11056 | Lair:3   | 11056 ||| RETREEEEATING.
 11073 | Lair:3   | Received a gift from Okawaru
 11079 | Lair:3   | 11079 ||| INVOKING Finesse.
 11306 | Lair:3   | Found a hole to the Spider Nest.
 11383 | Lair:3   | Found a staircase to the Shoals.
 11459 | Lair:3   | Noticed a skyshark
 11460 | Lair:3   | 11460 ||| INVOKING Finesse.
 11467 | Lair:3   | Killed a skyshark
 11539 | Lair:3   | 11539 ||| FLEEEEING.
 11540 | Lair:3   | 11540 ||| STAIRDANCE
 11581 | Lair:3   | Noticed Nergalle
 11582 | Lair:3   | 11582 ||| INVOKING Finesse.
 11597 | Lair:3   | Killed Nergalle
 11598 | Lair:3   | Reached skill level 15 in Ranged Weapons
 11666 | Lair:3   | 11666 ||| DRINKING 3 potions of curing.
 11666 | Lair:3   | 11666 ||| (to cure confusion)
 11667 | Lair:3   | 11667 ||| DRINKING 2 potions of curing.
 11667 | Lair:3   | 11667 ||| (to cure confusion)
 11669 | Lair:3   | 11669 ||| DRINKING potion of curing.
 11669 | Lair:3   | 11669 ||| (to cure confusion)
 11740 | Lair:3   | Received a gift from Okawaru
 11762 | Lair:3   | Identified the +1 robe "Quopes" {Harm rF+++ Str-4 Int+3}
 11767 | Lair:3   | Reached skill level 6 in Dodging
 11768 | Lair:3   | Identified the amulet of the Will of the Gods {rPois Regen+
                  | Dex+3}
 11924 | Lair:3   | 11924 ||| RETREEEEATING.
 11930 | Lair:3   | Reached XP level 13. HP: 82/82 MP: 20/20
 11942 | Lair:3   | Found a runed translucent door.
 11953 | Lair:3   | Noticed Dikli's ghost (journeyman MiBe)
 12196 | Lair:3   | 12196 ||| UPGRADING to amulet of the Will of the Gods
                  | {rPois Regen+ Dex+3}.
 12206 | Lair:3   | 12206 ||| DROPPING amulet of reflection.
 12295 | Lair:4   | 12295 ||| RETREEEEATING.
 12297 | Lair:4   | 12297 ||| RETREEEEATING.
 12299 | Lair:4   | 12299 ||| RETREEEEATING.
 12301 | Lair:4   | 12301 ||| RETREEEEATING.
 12303 | Lair:4   | 12303 ||| RETREEEEATING.
 12305 | Lair:4   | 12305 ||| RETREEEEATING.
 12307 | Lair:4   | 12307 ||| RETREEEEATING.
 12309 | Lair:4   | 12309 ||| RETREEEEATING.
 12564 | Lair:4   | Found a staircase to the Slime Pits.
 12568 | Lair:4   | 12568 ||| INVOKING Finesse.
 12588 | Lair:4   | Received a gift from Okawaru
 12633 | Lair:4   | 12633 ||| RETREEEEATING.
 12634 | Lair:4   | 12634 ||| RETREEEEATING.
 12635 | Lair:4   | 12635 ||| RETREEEEATING.
 12636 | Lair:4   | 12636 ||| RETREEEEATING.
 12637 | Lair:4   | 12637 ||| RETREEEEATING.
 12925 | Lair:5   | Entered Level 5 of the Lair of Beasts
 12978 | Lair:5   | 12978 ||| FLEEEEING.
 12982 | Lair:5   | Reached skill level 16 in Ranged Weapons
 13265 | Lair:5   | 13265 ||| RETREEEEATING.
 13266 | Lair:5   | 13266 ||| RETREEEEATING.
 13267 | Lair:5   | 13267 ||| RETREEEEATING.
 13268 | Lair:5   | 13268 ||| RETREEEEATING.
 13269 | Lair:5   | 13269 ||| RETREEEEATING.
 13270 | Lair:5   | 13270 ||| RETREEEEATING.
 13271 | Lair:5   | 13271 ||| RETREEEEATING.
 13272 | Lair:5   | 13272 ||| RETREEEEATING.
 13273 | Lair:5   | 13273 ||| RETREEEEATING.
 13275 | Lair:5   | Received a gift from Okawaru
 13298 | Lair:5   | 13298 ||| RETREEEEATING.
 13299 | Lair:5   | 13299 ||| RETREEEEATING.
 13300 | Lair:5   | 13300 ||| RETREEEEATING.
 13301 | Lair:5   | 13301 ||| RETREEEEATING.
 13302 | Lair:5   | 13302 ||| RETREEEEATING.
 13303 | Lair:5   | 13303 ||| RETREEEEATING.
 13304 | Lair:5   | 13304 ||| RETREEEEATING.
 13306 | Lair:5   | 13306 ||| RETREEEEATING.
 13313 | Lair:5   | 13313 ||| RETREEEEATING.
 13314 | Lair:5   | 13314 ||| RETREEEEATING.
 13315 | Lair:5   | 13315 ||| RETREEEEATING.
 13435 | Lair:5   | Found the +15 Maxwell's patent armour {-Cast -Tele rElec
                  | Will+ rCorr}
 13468 | Lair:5   | 13468 ||| RETREEEEATING.
 13470 | Lair:5   | Received a gift from Okawaru
 13651 | Lair:5   | Found a burning altar of Makhleb.
 13654 | Lair:5   | Reached skill level 17 in Ranged Weapons
 13654 | Lair:5   | 13654 ||| RETREEEEATING.
 13656 | Lair:5   | 13656 ||| RETREEEEATING.
 13657 | Lair:5   | 13657 ||| RETREEEEATING.
 13665 | Lair:5   | 13665 ||| INVOKING Finesse.
 13666 | Lair:5   | 13666 ||| INVOKING Heroism.
 13670 | Lair:5   | Gained mutation: Your large and strong wings let you fly.
                  | [Gargoyle growth]
 13670 | Lair:5   | Reached XP level 14. HP: 76/90 MP: 13/21
 13737 | Lair:5   | Found a gateway to Hell.
 13954 | Lair:5   | 13954 ||| PLANNING D:1-11
 14137 | D:11     | Found a staircase to the Orcish Mines.
 14410 | D:11     | Noticed Urug
 14415 | D:11     | Killed Urug
 14415 | D:11     | Received a gift from Okawaru
 14431 | D:11     | 14431 ||| RETREEEEATING.
 14432 | D:11     | 14432 ||| RETREEEEATING.
 14433 | D:11     | 14433 ||| RETREEEEATING.
 14434 | D:11     | 14434 ||| RETREEEEATING.
 14665 | D:11     | 14665 ||| INVOKING Finesse.
 14712 | D:11     | 14712 ||| PLANNING D
 14729 | D:12     | 14729 ||| STAIRDANCE
 14739 | D:11     | 14739 ||| FLEEEEING.
 14765 | D:12     | 14765 ||| STAIRDANCE
 14774 | D:11     | 14774 ||| FLEEEEING.
 14817 | D:12     | 14817 ||| RETREEEEATING.
 14838 | D:12     | Reached skill level 18 in Ranged Weapons
 14838 | D:12     | 14838 ||| FLEEEEING.
 14839 | D:12     | 14839 ||| STAIRDANCE
 14903 | D:12     | Noticed Josephine
 14909 | D:12     | Killed Josephine
 14910 | D:12     | 14910 ||| FLEEEEING.
 14960 | D:12     | Found Hotseoh's Assorted Antiques.
 14979 | D:12     | 14979 ||| BUYING potion of mutation (184 gold).
 14979 | D:12     | Bought a potion of mutation for 184 gold pieces
 14979 | D:12     | 14979 ||| BUYING scroll of enchant armour (172 gold).
 14979 | D:12     | Bought a scroll of enchant armour for 172 gold pieces
 14979 | D:12     | 14979 ||| BUYING wand of roots (6) (331 gold).
 14979 | D:12     | Bought a wand of roots (6) for 331 gold pieces
 14979 | D:12     | 14979 ||| READING scroll of enchant armour.
 14979 | D:12     | 14979 ||| ENCHANTING +2 acid dragon scales.
 15307 | D:12     | Received a gift from Okawaru
 15718 | D:13     | Reached skill level 12 in Fighting
 16051 | D:13     | 16051 ||| RETREEEEATING.
 16057 | D:13     | 16057 ||| RETREEEEATING.
 16059 | D:13     | 16059 ||| RETREEEEATING.
 16060 | D:13     | 16060 ||| RETREEEEATING.
 16083 | D:13     | 16083 ||| FLEEEEING.
 16248 | D:13     | 16248 ||| RETREEEEATING.
 16249 | D:13     | 16249 ||| RETREEEEATING.
 16250 | D:13     | 16250 ||| RETREEEEATING.
 16254 | D:13     | 16254 ||| RETREEEEATING.
 16255 | D:13     | 16255 ||| RETREEEEATING.
 16256 | D:13     | 16256 ||| RETREEEEATING.
 16264 | D:13     | 16264 ||| INVOKING Finesse.
 16304 | D:13     | Found a gate to the Vaults.
 16376 | D:13     | Reached skill level 9 in Armour
 16382 | D:13     | Received a gift from Okawaru
 16638 | D:13     | 16638 ||| DROPPING scarf of invisibility.
 16639 | D:13     | 16639 ||| READING 5 scrolls of identify.
 16639 | D:13     | 16639 ||| IDENTIFYING scroll labelled JOSUDI INIYRUM
 16640 | D:13     | 16640 ||| DROPPING scroll of amnesia.
 16759 | D:14     | 16759 ||| FLEEEEING.
 16760 | D:14     | 16760 ||| FLEEEEING.
 16774 | D:14     | 16774 ||| FLEEEEING.
 16775 | D:14     | 16775 ||| FLEEEEING.
 16855 | D:14     | 16855 ||| INVOKING Finesse.
 16862 | D:14     | Reached XP level 15. HP: 87/98 MP: 16/22
 16916 | D:14     | 16916 ||| RETREEEEATING.
 16917 | D:14     | Received a gift from Okawaru
 17003 | D:14     | Reached skill level 9 in Dodging
 17015 | D:14     | Noticed Kirke
 17016 | D:14     | 17016 ||| RETREEEEATING.
 17018 | D:14     | 17018 ||| RETREEEEATING.
 17022 | D:14     | 17022 ||| RETREEEEATING.
 17023 | D:14     | 17023 ||| RETREEEEATING.
 17029 | D:14     | 17029 ||| ZAPPING wand of acid (20) at 4,-3 (Kirke; floor).
 17030 | D:14     | 17030 ||| ZAPPING wand of acid (19) at 4,-3 (Kirke; floor).
 17030 | D:14     | Noticed a sphinx
 17031 | D:14     | 17031 ||| RETREEEEATING.
 17033 | D:14     | 17033 ||| ZAPPING wand of acid (18) at 3,-2 (Kirke;
                  | open_door).
 17034 | D:14     | 17034 ||| ZAPPING wand of acid (17) at 2,-1 (Kirke; floor).
 17035 | D:14     | 17035 ||| RETREEEEATING.
 17036 | D:14     | 17036 ||| RETREEEEATING.
 17037 | D:14     | 17037 ||| RETREEEEATING.
 17038 | D:14     | 17038 ||| INVOKING Finesse.
 17050 | D:14     | Killed Kirke
 17173 | D:14     | Noticed Roxanne
 17174 | D:14     | 17174 ||| INVOKING Finesse.
 17189 | D:14     | HP: 20/99 [Roxanne/crystal spear (31)]
 17190 | D:14     | 17190 ||| READING 3 scrolls of teleportation.
 17191 | D:14     | 17191 ||| DRINKING potion of heal wounds.
 17409 | D:14     | Found Ylarytsu's Antique Armour Shop.
 17413 | D:14     | 17413 ||| BUYING glowing robe (118 gold).
 17413 | D:14     | Bought a glowing robe for 118 gold pieces
 17413 | D:14     | 17413 ||| SHOPLISTING pair of glowing gloves (240 gold,
                  | have 113).
 17413 | D:14     | 17413 ||| SHOPLISTING pair of runed boots (240 gold, have
                  | 113).
 17413 | D:14     | 17413 ||| SHOPLISTING runed leather armour (160 gold, have
                  | 113).
 17509 | D:14     | Found a glowing silver altar of Zin.
 17509 | D:14     | Noticed an angel
 17572 | D:14     | 17572 ||| DROPPING +2 robe of willpower.
 17573 | D:14     | 17573 ||| READING 5 scrolls of identify.
 17573 | D:14     | 17573 ||| IDENTIFYING dark potion
 17574 | D:14     | 17574 ||| DROPPING potion of degeneration.
 17613 | D:15     | Entered Level 15 of the Dungeon
 17863 | D:15     | 17863 ||| READING scroll of enchant weapon.
 17863 | D:15     | 17863 ||| ENCHANTING +6 arbalest of freezing.
 17904 | D:15     | Noticed Azrael
 17910 | D:15     | HP: 21/100 [fire elemental[Azrael] (8)]
 17911 | D:15     | 17911 ||| READING 3 scrolls of teleportation.
 17912 | D:15     | Killed from afar by Azrael

Levels and vault maps discovered:
D:1:      tarquinn_simple_flora_water_c, layout_loops_ring, grunt_decor_junction
D:2:      layout_loops_ring, dilly_ecumenical_altar_fadedgnrine
D:3:      layout_basic, mainiacjoe_overflow_small_starburst, serial_undead,
          serial_undead_f, serial_undead_a, serial_undead_c, serial_undead_c,
          dk_noncrumbling_4, uniq_jessica
D:4:      layout_cave_pools, nicolae_ossuary_entry_false_entrances,
          serial_column_ruins, column_ruins_grid_2,
          column_ruins_columns_dead_end, column_ruins_open_tiny_water,
          column_ruins_grid_1, column_ruins_columns_dead_end
D:5:      layout_gridville, evilmike_ruin_ashenzari,
          nicolae_uskayaw_murder_on_the_dancefloor,
          mainiacjoe_sewer_entry_somewhere_in_here_1, minmay_misc_feat_pillars,
          uniq_edmund, uniq_eustachio
D:6:      layout_loops_corners, mainiacjoe_overflow_surrounded_room,
          nicolae_nh_ransacked_shop, uniq_sigmund, uniq_blork_the_orc,
          uniq_maggie, uniq_menkaure, uniq_crazy_yiuf_cottage
D:7:      hellmonk_destroyed_diamonds, layout_loops_ring,
          nicolae_qazlal_eye_of_the_storm, minmay_temple_entry_junction,
          serial_shops, kennysheep_mini_moat
D:8:      layout_basic, grunt_temple_overflow_order_and_chaos_1
D:9:      layout_irregular_city, tgw_fedhas, kennysheep_generic_room_10,
          uniq_erolcha, uniq_psyche
D:10:     layout_basic, lemuel_coloured_pillars_altar, david_lair_generic,
          hangedman_decor_lopped, nicolae_benzene_ring
D:11:     layout_irregular_city, orc_0_dummy, kennysheep_generic_room_8,
          uniq_urug
D:12:     layout_basic, serial_shops, nicolae_shop_pleasant_corner_grove,
          uniq_josephine
D:13:     layout_gridville, hellmonk_vaults_keyhole, serial_ice, serial_ice_i,
          serial_ice_n, serial_ice_g, serial_ice_d, portal_ice_cave_rime,
          st_stairs_6
D:14:     layout_roguey, serial_shops, nicolae_shop_back_alley_shop, zin_angel,
          uniq_kirke, uniq_roxanne
D:15:     grunt_enter_depths_magical_seal, layout_irregular_city,
          nicolae_dithmenos_the_darkroom, due_unseen_surprise, uniq_azrael
Temple:   hellmonk_temple_forest_ring
Lair:1:   layout_roguey, grunt_megastairs_1, uniq_sonja
Lair:2:   layout_cave_pods
Lair:3:   layout_loops_ring, minmay_shoals_entry_lonely_mermaid,
          spider_nest_entry_web_field, ebering_ghost_inner_flame,
          serial_bayou_pond_e, disabler_island, uniq_nergalle
Lair:4:   layout_gridlike, slime_entry_1, chequers_serial_rivers_large_a
Lair:5:   evil_forest, layout_long_grid, nicolae_quartered_pool_medium

Skill      XL: |  1  2  3  4  5  6  7  8  9 10 11 12 13 14 15 |
---------------+----------------------------------------------+-----
Ranged Weapons | 5 6 7 8 9 11 13 15 17 18 | 18.0
Fighting       | 3 4 5 6 7 8 9 10 11 13 | 13.9
Armour         | 3 4 5 6 7 9 |  9.0
Dodging        | 2 4 5 6 7 8 9 |  9.0
Invocations    | 4 8 10 | 10.0
Stealth        | |  1.1

Action                     |  1- 3 |  4- 6 |  7- 9 | 10-12 | 13-15 || total
---------------------------+-------+-------+-------+-------+-------++-------
   Fire: Shortbow          |   119 |       |       |       |       ||   119
         Arbalest          |     4 |    71 |   262 |   384 |   624 ||  1345
 Invoke: Heroism           |       |       |       |     3 |     1 ||     4
         Finesse           |       |       |       |     6 |     7 ||    13
  Evoke: Wand              |       |       |       |     4 |     4 ||     8
    Use: Scroll            |     5 |     6 |     9 |     8 |     6 ||    34
         Potion            |       |       |     6 |     5 |     1 ||    12
 Armour: Leather armour    |    36 |     2 |       |       |       ||    38
         Ring mail         |       |     7 |    88 |       |       ||    95
         Acid dragon scale |       |       |    18 |   144 |   193 ||   355
  Dodge: Dodged            |    38 |     8 |    99 |   133 |   179 ||   457
  Block: Other             |       |       |       |    17 |       ||    17

Table legend:
 A = Non-vault XP
 B = Vault XP
 C = Vault XP percentage of total XP
 D = Non-vault monster count
 E = Vault monster count
 F = Vault count percentage of total count
                 A         B        C        D         E       F
            +---------+---------+-------+---------+---------+-------
      Total |   71295 |   30252 |  29.8 |     385 |     124 |  24.4
            +---------+---------+-------+---------+---------+-------
        D:1 |      40 |       0 |   0.0 |      24 |       0 |   0.0
        D:2 |      35 |       0 |   0.0 |      17 |       0 |   0.0
        D:3 |      75 |      56 |  42.7 |      18 |       6 |  25.0
        D:4 |     290 |       0 |   0.0 |      20 |       0 |   0.0
        D:5 |     553 |     393 |  41.5 |      15 |       3 |  16.7
        D:6 |     366 |     973 |  72.7 |      10 |       9 |  47.4
        D:7 |     666 |       0 |   0.0 |      16 |       0 |   0.0
        D:8 |    1097 |       0 |   0.0 |      29 |       0 |   0.0
        D:9 |    3565 |    1821 |  33.8 |      26 |       4 |  13.3
       D:10 |     968 |     743 |  43.4 |      21 |       4 |  16.0
       D:11 |    5606 |    1199 |  17.6 |      26 |       2 |   7.1
       D:12 |    5716 |    1557 |  21.4 |      11 |       4 |  26.7
       D:13 |    6105 |    5323 |  46.6 |      17 |      19 |  52.8
       D:14 |   12828 |    2460 |  16.1 |      25 |       6 |  19.4
       D:15 |    2728 |    1033 |  27.5 |       5 |       6 |  54.5
     Lair:1 |    3809 |    1361 |  26.3 |      18 |       3 |  14.3
     Lair:2 |    4624 |       0 |   0.0 |      17 |       0 |   0.0
     Lair:3 |    7474 |    3067 |  29.1 |      26 |       6 |  18.8
     Lair:4 |    5265 |       0 |   0.0 |      25 |       0 |   0.0
     Lair:5 |    9485 |    9868 |  51.0 |      19 |      26 |  57.8
      Sewer |       0 |     240 | 100.0 |       0 |      10 | 100.0
    Ossuary |       0 |     158 | 100.0 |       0 |      16 | 100.0
            +---------+---------+-------+---------+---------+-------
